AoeStats
← 只会打步弓

Four Lakes

510052766Analyzed
1v1 RM · 3d ago on Sep 29, 2026· 57m 3s· 2 players
Game mode
Random Map
Map size
Tiny (2 player)
Population
200
Speed
Normal
Resources
Standard
Victory
Conquest
Starting age
Dark Age
Ending age
Imperial Age
RankedLock teamsTeams togetherTeam positionsShared explorationLock speedFull tech treeHidden civsTurbo modeCheats
Victory
Defeat
🇷🇺 Varangians · Russia
1940
+16
🇨🇳 Mapuche · China
1930
-16
只会打步弓
8:41 Loom
10:27 Feudal Age
16:19 Castle Age
14:41 Double-Bit Axe
18:13 Bow Saw
18:37 Medium Warships
21:18 Fletching
22:41 Bodkin Arrow
23:18 Horse Collar
25:59 Ballistics
29:26 Padded Archer Armor
36:45 Wheelbarrow
37:18 Leather Archer Armor
38:27 Town Watch
42:21 Imperial Age
40:57 Malon
41:22 Hand Cart
41:29 Gold Mining
41:40 Heavy Plow
42:09 Elite Skirmisher
43:48 Ring Archer Armor
44:19 Chemistry
43:28 Elite Bolas Rider
47:28 Capped Ram
48:17 Capped Ram
51:00 Gold Shaft Mining
shegin
7:32 Loom
11:07 Feudal Age
15:57 Castle Age
14:24 Double-Bit Axe
14:44 Fishing Lines
15:21 Forging
16:58 Medium Warships
17:21 Bow Saw
19:58 Iron Casting
19:47 Scale Mail Armor
21:26 Gillnets
23:08 Squires
34:00 Ballistics
36:58 Elite Skirmisher
41:04 Imperial Age
38:45 Fletching
38:55 Padded Archer Armor
39:20 Horse Collar
40:29 Bodkin Arrow
41:17 Wheelbarrow
41:22 Leather Archer Armor
41:28 Heavy Plow
42:25 Bracer
43:11 Conscription
43:08 Hand Cart
45:36 Chemistry
44:47 Masonry
45:18 Ring Archer Armor
48:05 Two-Man Saw
47:36 Elite Jarl
48:23 Scale Barding Armor
49:46 Chain Barding Armor
51:18 Plate Barding Armor
52:18 Blast Furnace
51:34 Chain Mail Armor
52:39 Bloodlines
52:29 Husbandry
53:41 Plate Mail Armor
53:01 Light Cavalry
54:21 Guilds
56:46 Town Watch
57:33 Crop Rotation
Connection lost

Rejoining the realm…

Still unreachable

The connection could not be restored.

Session expired

The server has moved on; the page needs a fresh start.